 Dungeon Crawl Stone Soup version 0.23-a0-710-gaad00d04af (webtiles) character file.

65 Morbidden the Shield-Bearer (level 4, 0/37 HPs)
             Began as a Formicid Fighter on Jan 14, 2019.
             Slain by a hobgoblin (3 damage)
             ... on level 2 of the Dungeon on Jan 15, 2019.
             The game lasted 00:02:17 (854 turns).

Morbidden the Shield-Bearer (Formicid Fighter)       Turns: 854, Time: 00:02:18

Health: 0/37       AC:  6    Str: 22    XL:     4   Next: 35%
Magic:  4/4        EV:  8    Int:  7    God:
Gold:   71         SH:  9    Dex: 10    Spells: 3/3 levels left

rFire    . . .     SeeInvis +   a - +0 war axe
rCold    . . .     Gourm    .   c - +0 shield
rNeg     . . .     Faith    .   b - +0 scale mail
rPois    .         Spirit   .   (helmet unavailable)
rElec    .         Reflect  .   (no cloak)
rCorr    .         Harm     .   (no gloves)
MR       .....                  (no boots)
Stlth    ..........             (no amulet)
HPRegen  0.12/turn              (no ring)
MPRegen  0.09/turn              (no ring)

@: no status effects
A: permanent stasis, dig shafts and tunnels, four strong arms, antennae 3
a: Dig, Shaft Self


You were on level 2 of the Dungeon.
You were not hungry.

You visited 1 branch of the dungeon, and saw 2 of its levels.

You collected 71 gold pieces.

Inventory:

Hand Weapons
 a - a +0 war axe (weapon)
Armour
 b - a +0 scale mail (worn)
 c - a +0 shield (worn)
Scrolls
 e - a scroll of remove curse {unknown}
 g - a scroll of noise {unknown}
 k - a scroll of teleportation {unknown}
Potions
 d - a potion of might
 h - a potion of mutation {unknown}
 i - a potion of brilliance {unknown}
 j - 2 potions of agility {unknown}
Comestibles
 f - 3 rations


   Skills:
 + Level 3.9 Fighting
 * Level 3.1 Axes
 + Level 3.6 Armour
 + Level 0.4 Stealth
 + Level 4.0 Shields


You had 3 spell levels left.
You didn't know any spells.
Your spell library was empty.

Dungeon Overview and Level Annotations

Branches:
Dungeon (2/15)

Altars:


Innate Abilities, Weirdness & Mutations

You cannot be hasted, slowed, berserked, paralysed or teleported.
You can dig through walls and to a lower floor.
Your four strong arms can wield two-handed weapons with a shield.
You have a pair of large antennae on your head. (SInv)


Message History

The gnoll hits you.
* * * LOW HITPOINT WARNING * * *
The gnoll closely misses you. You block the hobgoblin's attack.
Your shield and scale mail prevent you from hitting the gnoll.
The gnoll is moderately wounded.
You closely miss the hobgoblin. The gnoll hits you.
* * * LOW HITPOINT WARNING * * *
The hobgoblin closely misses you.
Unknown command.
Your shield and scale mail prevent you from hitting the gnoll.
The gnoll is moderately wounded.
You barely miss the hobgoblin. The gnoll hits you but does no damage.
You block the hobgoblin's attack. The gnoll closely misses you.
The hobgoblin barely misses you.
Unknown command.
You closely miss the gnoll.
The gnoll is moderately wounded.
You hit the hobgoblin. The gnoll hits you but does no damage.
The hobgoblin hits you.
You die... g≈.g######### #.##.# { gg≈

#......#####.##†# { ≈.≈
#......#......... # ≈.≈
#......#.###.##.#
.#K####'###......#.###.##.#
...............†...........
#.......###.#####.###.....
#(####.#####.# ######
#.Kg@g.......# {
#..##(######## { #..##.# {
#..##(# #..##.# #..##.#
#..##.# .....(. #..#####


You could see a gnoll, a hobgoblin and a kobold.

Vanquished Creatures
  A gnoll (D:2)
  An adder (D:2)
  An ooze (D:1)
  2 dart slugs
  A leopard gecko (D:2)
  3 giant cockroaches (D:1)
  4 goblins (D:1)
  4 hobgoblins
  A ball python (D:1)
  7 bats (D:1)
  4 frilled lizards (D:1)
  7 kobolds (D:1)
  A rat (D:1)
37 creatures vanquished.

Notes
Turn   | Place    | Note
-------+----------+-------------------------------------------
     0 | D:1      | Morbidden the Formicid Fighter began the quest for the Orb.
     0 | D:1      | Reached XP level 1. HP: 18/18 MP: 1/1
    91 | D:1      | Reached XP level 2. HP: 18/24 MP: 2/2
   149 | D:1      | Upgraded the game from 0.23-a0-703-gdf2d5e0dd9 to
                  | 0.23-a0-710-gaad00d04af
   339 | D:1      | Reached XP level 3. HP: 29/29 MP: 3/3
   390 | D:1      | Reached skill level 4 in Shields
   800 | D:2      | Reached XP level 4. HP: 26/37 MP: 4/4
   854 | D:2      | Slain by a hobgoblin

Vault maps used:
D:1:      mrwooster_arrival_statue_3, minmay_unequal
D:2:      okawaru_altar_gauntlet_db, minmay_3d_cube, uniq_jessica

Skill      XL: |  1  2  3  4 |
---------------+-------------+-----
Shields        | 4 |  4.0
Axes           | 3 |  3.1
Fighting       | |  3.9
Armour         | |  3.6
Stealth        | |  0.4

Action                   |  1- 3 |  4- 6 || total
-------------------------+-------+-------++-------
Melee: War axe           |    98 |    11 ||   109
Armor: Scale mail        |    56 |     3 ||    59
Dodge: Dodged            |    49 |    10 ||    59
Block: Shield            |    68 |     8 ||    76

Table legend:
 A = Non-vault XP
 B = Vault XP
 C = Vault XP percentage of total XP
 D = Non-vault monster count
 E = Vault monster count
 F = Vault count percentage of total count
                 A         B        C        D         E       F
            +---------+---------+-------+---------+---------+-------
      Total |      72 |      22 |  23.4 |      32 |       5 |  13.5
            +---------+---------+-------+---------+---------+-------
        D:1 |      51 |       5 |   8.9 |      29 |       3 |   9.4
        D:2 |      21 |      17 |  44.7 |       3 |       2 |  40.0
            +---------+---------+-------+---------+---------+-------
